Map: Deathaura LE

Players

LiquidClem (Clem) - Winner!

  • Race: Terran Terran
  • League: Grandmaster
  • Spawn Location: 11:00

AGOElazer (Elazer)

  • Race: Zerg Zerg
  • Spawn Location: 5:00

Event: DreamHack SC2 Masters 2020 Winter

VOD

Have the link to the VOD?

Description

Time

  • Played on: Oct. 29, 2020, 1:38 p.m.
  • Length: 27:30

All games in this series

Show
View Real Time Build Order
Export as new Build Order

LiquidClem Terran - Winner!

Build Orders: Gas First Reaper Expand, Liberator Opening, Mech 

Get SALT Encoding   

  12  0:00  SCV  
  13  0:12  SCV  
  14  0:17  Supply Depot  
  14  0:24  SCV  
  15  0:30  Refinery  
  15  0:38  SCV  
  16  0:44  Barracks  
  16  0:50  SCV  
  17  1:02  SCV  
  18  1:15  SCV  
  19  1:31  Reaper, Orbital Command  
  20  1:41  Command Center  
  20  1:53  Factory  
  20  1:57  SCV  
  21  2:07  Barracks Reactor  
  21  2:09  SCV  
  21  2:10  Supply Depot  
  22  2:17  Refinery  
  22  2:21  SCV  
  23  2:33  SCV  
  24  2:45  SCV, Starport  
  24  2:48  Hellion x2  
  29  2:56  Orbital Command  
  29  2:57  SCV  
  30  3:09  SCV, Hellion  
  30  3:10  Hellion  
  30  3:12  Barracks Tech Lab  
  35  3:21  SCV, Medivac  
  35  3:23  SCV  
  39  3:27  Supply Depot  
  39  3:33  SCV  
  40  3:35  SCV, Hellion  
  40  3:38  Marine  
  40  3:41  Hellion  
  46  3:49  SCV x2  
  46  3:56  Marine  
  46  3:59  Liberator  
  46  4:01  SCV  
  46  4:02  SCV  
  54  4:19  SCV x2  
  54  4:20  Stimpack  
  54  4:21  Supply Depot  
  52  4:30  Command Center  
  52  4:31  Marine  
  52  4:32  SCV  
  52  4:35  Factory Tech Lab  
  54  4:40  Barracks  
  54  4:43  SCV  
  54  4:44  SCV  
  56  4:47  Supply Depot  
  56  4:48  Barracks  
  56  4:49  Marine  
  57  4:55  SCV  
  57  4:56  SCV, Supply Depot  
  57  4:59  Siege Tank  
  62  5:08  SCV, Marine  
  62  5:12  SCV, Engineering Bay x2  
  62  5:21  SCV  
  59  5:24  SCV  
  59  5:28  Barracks Reactor, Refinery, Marine  
  61  5:29  Refinery  
  61  5:33  SCV, Siege Tank  
  65  5:36  SCV  
  64  5:43  Marine  
  64  5:44  Orbital Command  
  64  5:45  SCV  
  64  5:48  SCV, Marine  
  64  5:49  Terran Infantry Weapons Level 1, Terran Infantry Armor Level 1  
  62  5:52  Marine  
  63  5:57  SCV  
  63  5:59  Combat Shield  
  63  6:01  SCV, Marine  
  66  6:04  Marine  
  66  6:05  Marine, Siege Tank  
  66  6:06  Marine  
  66  6:07  Orbital Command  
  66  6:09  Marine  
  73  6:12  Medivac  
  73  6:13  SCV  
  73  6:17  SCV  
  73  6:18  Supply Depot, Marine  
  77  6:22  Marine  
  77  6:25  SCV, Barracks  
  80  6:26  Barracks  
  80  6:27  Marine  
  80  6:28  Marine  
  80  6:29  Marine  
  80  6:31  SCV  
  84  6:33  SCV  
  84  6:36  Marine  
  84  6:37  SCV  
  84  6:39  Siege Tank  
  90  6:40  Marine  
  90  6:43  SCV  
  90  6:45  Marine  
  93  6:47  Marine  
  93  6:49  Starport Reactor, Marine  
  93  6:50  SCV  
  96  6:54  SCV, Supply Depot, Marine  
  96  6:55  SCV  
  96  6:58  Marine  
  96  7:01  Armory  
  100  7:02  SCV  
  100  7:07  Supply Depot  
  101  7:15  Marine x4  
  101  7:16  SCV, Siege Tank  
  101  7:19  Refinery  
  101  7:20  Factory  
  109  7:24  SCV, Marine  
  109  7:25  SCV  
  109  7:27  Marine  
  109  7:28  Marine  
  107  7:33  Marine x3  
  107  7:35  SCV  
  107  7:36  SCV  
  107  7:37  Marine  
  94  7:39  SCV  
  94  7:42  Marine  
  94  7:44  Medivac x2  
  88  7:47  SCV, Factory  
  88  7:48  SCV, Siege Tank  
  95  7:51  Marine  
  95  7:52  Barracks Reactor x2  
  95  7:53  SCV, Marine x2  
  95  7:55  Drilling Claws  
  99  7:59  SCV  
  99  8:01  SCV  
  99  8:02  Marine x2  
  99  8:04  Terran Infantry Weapons Level 2  
  103  8:08  SCV  
  103  8:09  Marine  
  103  8:10  Supply Depot  
  103  8:11  Marine  
  103  8:12  SCV  
  107  8:13  Marine  
  107  8:16  Terran Infantry Armor Level 2  
  107  8:19  SCV  
  109  8:20  Marine x2  
  109  8:25  SCV  
  112  8:27  Marine  
  112  8:32  Factory Reactor  
  112  8:33  Widow Mine  
  112  8:34  Command Center, Marine x2  
  116  8:38  Marine x3  
  116  8:41  Supply Depot  
  120  8:44  Marine  
  120  8:45  Marine  
  120  8:46  Supply Depot  
  120  8:47  Supply Depot, Marine  
  120  8:48  Marine  
  124  8:51  Marine  
  124  8:55  Widow Mine  
  124  8:59  Medivac, Missile Turret  
  124  9:00  Medivac  
  124  9:01  Missile Turret  
  124  9:02  Missile Turret  
  121  9:03  Marine  
  121  9:04  Marine x3  
  121  9:05  Marine  
  121  9:08  Marine  
  121  9:09  Marine  
  125  9:12  Widow Mine  
  125  9:13  Widow Mine  
  125  9:14  SCV x2, Supply Depot  
  131  9:19  Marine  
  131  9:20  Marine  
  131  9:24  Thor  
  133  9:26  Marine  
  133  9:29  Marine  
  133  9:31  Terran Vehicle And Ship Armor Level 1  
  141  9:32  Supply Depot  
  141  9:33  Medivac  
  141  9:34  Widow Mine  
  141  9:36  Widow Mine  
  141  9:37  Medivac  
  149  9:39  Bunker  
  149  9:40  Marine  
  149  9:41  Supply Depot  
  149  9:43  Supply Depot  
  150  9:46  Marauder  
  150  9:48  SCV x3  
  157  10:00  Widow Mine x2, Barracks  
  157  10:01  Barracks  
  157  10:03  Barracks  
  159  10:07  Marine x3  
  159  10:08  Marine  
  159  10:09  Planetary Fortress  
  159  10:12  Missile Turret  
  163  10:15  Widow Mine  
  163  10:17  SCV  
  163  10:18  Marine  
  163  10:20  Marine x2  
  169  10:21  Marauder  
  169  10:23  Widow Mine  
  169  10:24  Supply Depot  
  169  10:25  SCV  
  176  10:28  Widow Mine  
  174  10:36  Supply Depot  
  174  10:37  Supply Depot  
  174  10:38  Supply Depot  
  174  10:40  Supply Depot, Widow Mine  
  174  10:41  Marine x2  
  178  10:43  Marauder  
  178  10:44  Supply Depot  
  178  10:45  SCV  
  178  10:48  Widow Mine  
  182  10:52  Terran Infantry Weapons Level 3  
  182  10:58  Command Center  
  182  11:04  Marauder  
  182  11:06  Terran Infantry Armor Level 3  
  182  11:08  Widow Mine  
  182  11:09  Marine  
  176  11:12  Widow Mine  
  176  11:17  Barracks Tech Lab x3  
  175  11:23  Widow Mine, Marine x2  
  175  11:25  Medivac x2, Marine x5  
  168  11:26  Marauder  
  174  11:34  Terran Vehicle And Ship Armor Level 2  
  174  11:35  Missile Turret, Marine  
  174  11:36  Concussive Shells, Marauder x2  
  174  11:37  Marauder  
  181  11:40  Widow Mine  
  181  11:41  SCV, Marine x2  
  181  11:43  Marine  
  181  11:46  SCV  
  182  11:47  Marauder, Marine  
  182  11:52  Marine  
  178  11:55  Medivac x2  
  178  11:57  Marauder, Marine x3  
  178  12:00  Widow Mine  
  185  12:03  Marauder  
  185  12:04  Marine  
  185  12:05  Marauder  
  185  12:08  SCV x3  
  157  12:12  Marauder, Marine  
  157  12:13  Marine  
  160  12:18  Marauder  
  160  12:19  Widow Mine, Marine x5  
  160  12:22  Marine  
  170  12:23  SCV x3  
  170  12:25  Medivac x2  
  170  12:27  SCV  
  178  12:34  Marauder, Marine x2  
  182  12:37  Refinery  
  182  12:41  Marine  
  182  12:42  Marine x3  
  182  12:43  Marauder x2  
  190  12:47  Command Center  
  190  12:48  Widow Mine  
  190  12:50  Marauder, Marine x2  
  185  12:52  Widow Mine  
  185  12:53  Widow Mine  
  185  12:55  Medivac x2  
  185  12:56  Marine x2  
  185  12:57  Marine  
  180  13:04  Marauder  
  180  13:07  Marauder, Missile Turret, Marine x3  
  180  13:09  Marine, Widow Mine  
  188  13:14  Thor  
  188  13:15  Marine x4  
  188  13:16  Marauder  
  200  13:35  Missile Turret x3  
  194  13:41  Marauder  
  194  13:46  Widow Mine  
  196  13:52  Marauder  
  192  13:57  Marine, Thor  
  196  14:03  Marine  
  196  14:04  Marine  
  196  14:05  Marine  
  196  14:07  Marine  
  196  14:09  SCV  
  195  14:10  Marine x2, Widow Mine  
  194  14:18  Planetary Fortress  
  194  14:22  Missile Turret  
  194  14:23  Command Center  
  194  14:24  Marauder, Marine x3  
  197  14:25  SCV x2, Missile Turret  
  197  14:28  Marine x2  
  198  14:32  Marauder  
  198  14:36  Medivac x2  
  198  14:38  Marine  
  200  14:40  Neosteel Armor  
  200  14:53  Thor  
  200  14:57  Marine x2  
  199  15:08  Marauder  
  199  15:12  Widow Mine  
  199  15:13  Marauder x3, Marine x2  
  191  15:16  Command Center, Missile Turret  
  191  15:17  Missile Turret  
  180  15:23  Widow Mine  
  180  15:25  Marine x2  
  180  15:26  Command Center  
  180  15:27  Medivac x2, Missile Turret, Marine x2  
  180  15:28  Marine x2  
  177  15:30  Marauder  
  177  15:34  Marauder, Hi-Sec Auto Tracking  
  178  15:40  SCV x4  
  178  15:41  SCV  
  179  15:43  Thor  
  179  15:48  Orbital Command, Marine x2  
  176  15:52  SCV x2  
  176  15:53  Marine x2  
  176  15:55  SCV, Widow Mine  
  176  15:56  Marine x2  
  184  16:00  Missile Turret  
  184  16:02  SCV, Missile Turret  
  184  16:03  SCV, Marine  
  185  16:09  SCV, Widow Mine  
  185  16:10  Marine  
  189  16:11  SCV  
  189  16:14  Marine  
  189  16:17  Widow Mine  
  186  16:26  Marauder, Widow Mine  
  186  16:30  SCV, Widow Mine  
  186  16:31  SCV, Orbital Command  
  185  16:34  Marine  
  185  16:35  Marauder, Marine  
  185  16:37  Marine x2  
  185  16:38  Marine, Widow Mine  
  187  16:43  Missile Turret x2  
  187  16:49  Marauder  
  187  16:51  Widow Mine  
  191  16:55  Marine x2  
  191  17:01  Widow Mine  
  187  17:04  Marauder, Marine x3, Widow Mine  
  187  17:05  Missile Turret  
  187  17:07  Missile Turret  
  194  17:15  Widow Mine  
  196  17:17  Marauder  
  196  17:19  Missile Turret  
  196  17:21  Missile Turret  
  197  17:24  Widow Mine  
  197  17:25  Marauder  
  197  17:28  Marauder, Marine  
  195  17:31  SCV x2  
  195  17:32  SCV  
  195  17:35  Widow Mine  
  194  17:37  Medivac, Marine x2  
  194  17:38  Marauder  
  200  18:06  Marine x2  
  200  18:09  Marine  
  200  18:10  Marine  
  200  18:11  Marine  
  200  18:12  Planetary Fortress, Widow Mine  
  198  18:15  Marine x2  
  198  18:16  Missile Turret  
  198  18:19  Missile Turret x2  
  200  18:21  Marine  
  199  18:36  Marine  
  199  18:37  Widow Mine  
  199  18:39  SCV  
  199  18:42  Marine  
  199  18:44  Marauder, Marine  
  199  18:45  Marauder, Widow Mine, Marine x4  
  199  18:46  Marine  
  194  18:50  SCV x2  
  194  18:51  Marauder  
  194  18:52  Widow Mine  
  194  18:53  Marauder  
  194  18:54  Marine  
  182  18:56  Orbital Command  
  182  18:57  SCV  
  182  18:59  SCV  
  182  19:00  Marine  
  170  19:06  Marauder  
  170  19:07  SCV  
  162  19:11  Missile Turret  
  162  19:12  SCV  
  162  19:13  Marine  
  162  19:16  Marine  
  165  19:27  Marine x3  
  154  19:35  Orbital Command  
  154  19:36  Missile Turret  
  153  19:40  Widow Mine  
  153  19:44  Widow Mine  
  156  19:46  Marauder  
  156  19:51  Widow Mine  
  144  19:53  Marine x2  
  144  19:54  Marine  
  130  20:01  Marine  
  130  20:02  Marine x2, Widow Mine  
  134  20:10  Widow Mine  
  134  20:12  Widow Mine  
  134  20:13  SCV  
  139  20:15  SCV  
  139  20:16  SCV  
  139  20:20  Marine  
  142  20:22  Marine  
  142  20:24  Marine  
  138  20:29  Marine  
  138  20:31  Marine  
  138  20:35  SCV x3  
  143  20:36  Widow Mine  
  143  20:41  Marine x2  
  147  20:44  Widow Mine  
  147  20:47  Marine x2  
  147  20:48  Marine x2  
  147  20:49  Marine  
  154  20:55  SCV x3  
  151  20:58  Marine x2  
  153  21:04  Marine  
  153  21:10  Medivac x2  
  154  21:11  Marine  
  154  21:12  Marine x4  
  157  21:21  Missile Turret  
  157  21:22  Marine x4  
  157  21:23  Marine  
  162  21:28  Widow Mine  
  164  21:33  Thor  
  164  21:37  Marine x2  
  172  21:42  Medivac, Widow Mine  
  172  21:43  Medivac  
  172  21:44  Marine  
  172  21:45  Marine  
  180  21:54  Widow Mine, Marine x3  
  182  22:00  Marine x3  
  182  22:01  Marine x3  
  168  22:12  Marine x4  
  167  22:15  SCV  
  167  22:16  Thor  
  167  22:18  Marine x4  
  167  22:20  Marine x2  
  174  22:29  Marine x3  
  174  22:30  Missile Turret, Marine  
  174  22:36  Marine x3, Widow Mine  
  181  22:38  Marine, Widow Mine  
  181  22:40  SCV x2  
  181  22:42  SCV  
  187  22:46  Medivac  
  167  22:54  SCV  
  167  22:55  SCV x2, Unknown  
  167  22:56  Unknown  
  167  22:57  Marine  
  167  22:58  Marine  
  166  23:03  SCV  
  167  23:07  SCV x3  
  167  23:09  Widow Mine  
  167  23:11  Marine  
  167  23:12  Marine x2  
  163  23:14  Marine  
  163  23:15  Marine x2  
  165  23:22  Marine  
  165  23:26  Marine x2  
  150  23:29  Marine  
  150  23:32  Marine x4  
  150  23:33  Marine x2  
  150  23:34  SCV x2  
  147  23:37  Medivac  
  147  23:40  Marine  
  143  23:44  Marine x2  
  143  23:47  Marine  
  133  23:50  Marine x3  
  133  23:54  Medivac, Marine x2  
  140  23:59  Marine x2  
  140  24:02  Widow Mine x2  
  146  24:10  Medivac  
  146  24:11  Widow Mine, Marine  
  146  24:13  Marauder, Marine  
  146  24:15  Marine x2  
  156  24:23  Widow Mine  
  158  24:24  Medivac  
  158  24:29  Widow Mine  
  158  24:30  Marauder, Marine x2  
  164  24:32  Marine  
  164  24:38  Marine x3  
  148  24:40  Medivac  
  148  24:42  Marine  
  133  24:46  Marine  
  133  24:49  Marine x2  
  133  24:51  Marine  
  137  24:54  Medivac  
  137  24:58  Widow Mine  
  141  25:07  Widow Mine x2  
  141  25:09  Marine x9  
  141  25:10  Medivac  
  156  25:16  Marine  
  156  25:20  Widow Mine  
  157  25:24  Medivac  
  157  25:26  Marine  
  157  25:27  Marine x4  
  157  25:28  Marine  
  155  25:29  Widow Mine x2  
  155  25:30  Marine  
  156  25:39  Marine x2  
  156  25:40  Medivac  
  156  25:41  Widow Mine  
  156  25:42  Marine  
  142  25:44  Marine  
  134  25:50  Widow Mine  
  134  25:52  Marine x5  
  134  25:53  Widow Mine  
  134  25:54  Medivac  
  145  26:01  Marine x3  
  148  26:05  Widow Mine  
  148  26:10  Medivac  
  143  26:11  Widow Mine  
  143  26:14  Marauder  
  120  26:19  Marine  
  120  26:20  Marine x3  
  120  26:21  Marine  
  108  26:26  Marine x2  
  108  26:29  Marine  
  103  26:33  Marine  
  103  26:34  Marine  
  103  26:38  Marine  
  102  26:42  Marine  
  103  26:48  Marine  
  103  26:50  Marine x2  
  106  26:54  Marine  
  106  26:55  Marine x3  
  106  26:56  Marine  
  111  27:01  Marine x2  
  109  27:09  Marine  
Show
View Real Time Build Order
Export as new Build Order

AGOElazer Zerg 

Build Orders: Hatch First, Muta Ling Bane 

Get SALT Encoding   

  12  0:00  Drone  
  13  0:12  Overlord  
  13  0:16  Drone  
  14  0:30  Drone x2  
  16  0:46  Hatchery  
  15  0:50  Drone  
  15  0:53  Drone  
  15  0:56  Drone  
  18  1:08  Extractor  
  17  1:11  Spawning Pool  
  17  1:15  Drone  
  18  1:18  Drone  
  18  1:27  Drone  
  19  1:38  Drone  
  20  1:48  Drone  
  21  1:58  Queen x2  
  21  1:59  Zergling x2  
  21  2:01  Overlord  
  26  2:11  Zergling x2  
  26  2:12  Drone, Metabolic Boost  
  28  2:22  Drone x2  
  30  2:31  Hatchery  
  30  2:34  Drone  
  30  2:39  Drone  
  31  2:45  Queen  
  33  2:53  Overlord  
  33  2:55  Drone x3  
  36  3:07  Overlord  
  36  3:13  Drone x4  
  36  3:16  Drone  
  41  3:21  Queen  
  41  3:27  Queen  
  43  3:28  Drone x2  
  47  3:38  Zergling x10  
  52  3:44  Overlord, Queen  
  54  3:50  Drone x2  
  55  3:56  Overlord  
  55  3:57  Zergling x4  
  55  4:02  Queen, Drone  
  58  4:06  Overlord  
  55  4:15  Drone x5  
  55  4:23  Drone x3  
  58  4:26  Drone x2  
  58  4:29  Drone  
  61  4:34  Drone x3  
  64  4:42  Zergling x2  
  64  4:43  Zergling x2  
  64  4:44  Drone x2  
  68  4:50  Drone x2  
  70  4:55  Spore Crawler, Drone  
  70  4:56  Spore Crawler  
  70  4:58  Spore Crawler, Drone x2  
  70  5:00  Overlord  
  70  5:01  Drone x4  
  74  5:11  Overlord  
  74  5:14  Drone x5  
  76  5:18  Drone  
  74  5:26  Evolution Chamber  
  74  5:27  Evolution Chamber  
  77  5:28  Drone x5  
  77  5:32  Extractor  
  77  5:33  Drone x4  
  77  5:34  Extractor  
  79  5:36  Hatchery  
  79  5:37  Drone  
  78  5:43  Drone  
  78  5:45  Drone  
  78  5:48  Overlord, Extractor  
  78  5:50  Drone  
  78  5:52  Zerg Melee Weapons Level 1, Zerg Ground Armor Level 1  
  79  5:57  Overlord  
  79  5:58  Drone x4  
  79  6:02  Lair  
  79  6:04  Drone x6  
  89  6:06  Extractor x2  
  89  6:09  Drone  
  89  6:10  Drone x2  
  90  6:13  Baneling Nest  
  89  6:20  Drone  
  89  6:25  Drone x5  
  95  6:29  Hatchery  
  94  6:34  Overlord  
  94  6:38  Zergling x14  
  101  6:46  Overlord  
  101  6:48  Zergling x2  
  101  6:49  Zergling x4  
  104  6:57  Zergling x8  
  104  7:00  Centrifical Hooks  
  107  7:02  Spire  
  107  7:03  Overlord  
  107  7:04  Zergling x16  
  114  7:10  Baneling x3  
  114  7:11  Baneling x3  
  114  7:12  Zergling x4  
  116  7:16  Zergling x4  
  116  7:19  Overlord  
  116  7:20  Zergling x2  
  116  7:21  Zergling x4  
  111  7:32  Zergling x18  
  111  7:35  Zergling x2  
  106  7:40  Zergling x4  
  106  7:43  Zergling x2  
  106  7:44  Zergling x2  
  106  7:48  Zergling x16  
  114  8:00  Overlord x2, Zerg Ground Armor Level 2, Zerg Melee Weapons Level 2  
  114  8:04  Extractor  
  113  8:12  Overlord  
  113  8:13  Mutalisk x10  
  113  8:16  Hatchery  
  113  8:17  Drone  
  113  8:18  Drone x4  
  136  8:27  Drone x5  
  136  8:28  Drone x2  
  136  8:32  Zerg Flyer Weapons Level 1, Extractor  
  142  8:34  Zergling x6  
  142  8:38  Zergling x4  
  146  8:46  Zergling x14  
  146  8:48  Baneling x10  
  153  8:50  Zergling x8  
  155  8:56  Overlord  
  155  8:58  Zergling x10  
  154  9:04  Overlord  
  154  9:10  Hatchery, Drone x3  
  154  9:11  Mutalisk x2  
  154  9:15  Overlord x2  
  154  9:17  Overlord  
  160  9:25  Burrow, Pneumatized Carapace  
  160  9:29  Drone x3  
  163  9:31  Drone x8  
  163  9:37  Drone  
  172  9:43  Queen  
  172  9:44  Mutalisk x4  
  182  9:46  Mutalisk  
  182  9:51  Infestation Pit  
  183  9:55  Baneling x10  
  183  9:56  Overseer x2  
  183  10:01  Drone  
  183  10:06  Overlord  
  183  10:15  Mutalisk x4  
  183  10:18  Queen, Overseer  
  183  10:21  Baneling x4  
  191  10:30  Baneling x6  
  191  10:31  Baneling  
  191  10:35  Zergling x22  
  193  10:40  Zergling x14  
  200  10:43  Hive  
  200  10:48  Zerg Flyer Weapons Level 2  
  200  10:54  Extractor  
  196  11:10  Zergling x42  
  199  11:13  Baneling x20  
  197  11:24  Zergling x22  
  187  11:59  Zergling x24  
  189  12:06  Zergling x22  
  176  12:09  Zergling x12  
  176  12:14  Zerg Melee Weapons Level 3, Zerg Ground Armor Level 3  
  176  12:15  Adrenal Glands  
  178  12:20  Baneling  
  178  12:21  Drone x6, Baneling x13  
  181  12:26  Extractor  
  181  12:27  Mutalisk x6  
  181  12:28  Overseer  
  181  12:29  Overseer  
  192  12:31  Overseer  
  192  12:34  Hatchery  
  191  12:39  Hatchery  
  191  12:41  Zergling x12  
  192  12:44  Zergling x14  
  189  13:01  Zergling x20  
  189  13:03  Baneling x6  
  189  13:04  Baneling x5  
  199  13:11  Baneling x14  
  199  13:14  Zerg Flyer Weapons Level 3  
  185  13:28  Drone x7  
  185  13:29  Drone x3  
  185  13:30  Spore Crawler  
  185  13:33  Spore Crawler, Drone x3  
  196  13:37  Spine Crawler  
  192  13:44  Zergling x4  
  192  13:45  Zergling x18  
  193  13:59  Mutalisk  
  193  14:00  Mutalisk x3  
  193  14:02  Overlord  
  197  14:16  Mutalisk x2  
  199  14:22  Unknown  
  199  14:23  Unknown  
  179  14:32  Mutalisk x3  
  179  14:33  Mutalisk x9  
  191  14:39  Baneling x6  
  191  14:40  Baneling x16  
  191  14:42  Zergling x20  
  191  14:44  Overseer  
  196  14:54  Zergling x20  
  193  15:10  Hatchery  
  193  15:13  Mutalisk x7  
  187  15:16  Overlord x2, Baneling x16  
  180  15:23  Zergling x14  
  180  15:24  Zergling x6  
  186  15:35  Zergling x20  
  184  16:03  Zergling x30  
  198  16:10  Drone x2  
  200  16:12  Zerg Missile Weapons Level 1, Zerg Flyer Armor Level 1  
  190  16:30  Mutalisk x6  
  190  16:32  Zergling x2, Extractor x2  
  199  16:39  Overseer x2  
  197  16:41  Baneling x10  
  197  16:47  Hatchery  
  183  17:08  Baneling x2  
  181  17:09  Zergling x28, Hatchery  
  181  17:14  Baneling x7  
  174  17:33  Mutalisk x5  
  177  17:41  Zergling x24  
  177  17:42  Zergling x12  
  189  17:50  Zergling x16  
  194  18:03  Zergling x14, Baneling x10  
  188  18:14  Mutalisk x6  
  200  18:25  Baneling x13  
  195  18:40  Zergling x16  
  180  18:48  Zergling x26  
  180  18:54  Mutalisk x5  
  191  19:02  Mutalisk x7  
  175  19:09  Zerg Flyer Armor Level 2  
  179  19:22  Hatchery  
  179  19:23  Zergling x18  
  179  19:24  Baneling x7  
  186  19:32  Zergling x10  
  186  19:33  Zergling x4  
  192  19:39  Baneling x13  
  192  19:43  Baneling  
  192  19:44  Baneling x10  
  181  19:57  Zergling x14  
  181  19:58  Zergling x2  
  181  19:59  Baneling  
  160  20:09  Mutalisk  
  160  20:10  Mutalisk x2  
  159  20:29  Drone x2  
  159  20:30  Drone x6  
  165  20:38  Mutalisk x3  
  165  20:41  Zergling x4  
  175  20:49  Overseer  
  169  20:54  Baneling  
  169  20:55  Baneling x10  
  168  21:03  Zergling x20  
  178  21:12  Baneling x14  
  173  21:20  Overseer  
  173  21:22  Drone x7  
  178  21:44  Mutalisk x7  
  175  22:04  Zergling x18, Hatchery  
  178  22:16  Zergling x14  
  173  22:31  Zergling x12  
  167  22:52  Zergling x12  
  173  23:01  Overlord x2  
  147  23:28  Mutalisk x5  
  154  23:37  Drone x13  
  145  23:52  Baneling x2  
  145  23:53  Hatchery  
  144  23:57  Mutalisk x4  
  152  24:04  Hatchery  
  152  24:08  Baneling x2  
  151  24:13  Zergling x12  
  133  24:47  Zergling x22  
  144  24:55  Zergling x8  
  148  25:07  Zergling x12  
  153  25:25  Hatchery  
  153  25:27  Zergling x2  
  153  25:28  Zergling x22  
  130  25:51  Hatchery, Zergling x20  
  140  26:03  Zergling x18, Baneling x3  
  137  26:13  Zergling x8  
  132  26:22  Zergling x4  
  108  26:31  Zergling x6  
  106  26:47  Baneling x2  
  106  26:48  Baneling x8  
Tags
 
Add a new tag
Caveats
  • Supply blocks, unpowered buildings, or Contaminate may cause inaccurate times.
  • Supply counts are checked every 10 seconds.